 Dungeon Crawl Stone Soup version bcrawl-1.13.1 (webtiles) character file.

Game seed: 11688100118061897697

275 Revguard the Sneak (level 6, 0/47 HPs)
             Began as a Demonspawn Archaeologist on Aug 2, 2019.
             Slain by an iguana (8 damage)
             ... on level 4 of the Dungeon.
             The game lasted 00:05:32 (3011 turns).

Revguard the Sneak (Demonspawn Archaeologist)       Turns: 3011, Time: 00:05:33

Health: 0/47       AC:  8    Str: 13    XL:     6   Next: 3%
Magic:  7/7        EV: 13    Int: 15    God:
Gold:   234        SH:  0    Dex: 12    Spells: 5/5 levels left

rFire    . . .     SeeInvis .   l - +2 war axe (freeze)
rCold    . . .     Gourm    .   (no shield)
rNeg     + . .     Faith    .   o - +0 leather armour
rPois    +         Spirit   .   c - +1 hat
rElec    .         Reflect  .   (no cloak)
rCorr    .         Harm     .   (no gloves)
MR       .....                  d - +1 pair of boots
Stlth    +++.......             (no amulet)
HPRegen  0.15/turn              q - ring of poison resistance
MPRegen  0.10/turn              r - ring of positive energy

@: studying Long Blades
A: antennae 1, claws 1, iridescent scales 1, nightstalker 1, robust 1, rot
immunity
a: no special abilities


You were on level 4 of the Dungeon.
You were not hungry.

You visited 1 branch of the dungeon, and saw 4 of its levels.

You collected 234 gold pieces.

Inventory:

Hand Weapons
 a - a +0 whip
 l - a +2 war axe of freezing (weapon)
Armour
 c - a +1 hat (worn)
 d - a +1 pair of boots (worn)
 o - a +0 leather armour (worn)
Jewellery
 p - a +3 ring of intelligence
 q - a ring of poison resistance (left claw)
 r - a ring of positive energy (right claw)
 u - an uncursed amulet of magic regeneration
Scrolls
 h - a scroll of amnesia {unknown}
 i - 3 scrolls of teleportation
 j - 3 scrolls of magic mapping
 m - 6 scrolls of remove curse
 n - a scroll of fear
 s - a scroll of enchant armour {unknown}
Potions
 b - 2 potions of curing
 k - a potion of brilliance
Books
 e - a manual of Long Blades
Miscellaneous
 f - an ancient crate
Comestibles
 g - 5 rations {!d}
 t - 3 chunks of flesh


   Skills:
 + Level 1.6 Fighting
 + Level 2.5(2.6) Axes
 - Level 0.8(1.8) Maces & Flails
 * Level 2.2 Armour
 + Level 3.5 Dodging
 + Level 3.8 Stealth
 * Level 1.9 Evocations


You had 5 spell levels left.
You didn't know any spells.
Your spell library was empty.

Dungeon Overview and Level Annotations

Branches:
Dungeon (4/12)
 Temple: D:4-7

Altars:
Fedhas
Xom
Zin


Innate Abilities, Weirdness & Mutations

You have a pair of small antennae on your head.
You are partially covered in iridescent scales. (AC +2)
You are slightly more attuned to the shadows.
You are immune to rotting.
You have sharp fingernails.
You are robust. (+10% HP)


Message History

You butcher the jackal corpse. x2
t - 2 chunks of flesh;
t - 4 chunks of flesh (gained 2)
Items here: ( ) รทรท a +0 shortbow; 182 arrows; a jackal skeleton x2
You start resting.
Eating one of 4 chunks of flesh.
You eat one of the 4 chunks of flesh.
This raw flesh tastes terrible.
You feel a little less agile now.
You start resting.
An iguana comes into view.
You catch the helpless iguana completely off-guard!
You hit the iguana. You freeze the iguana.
The iguana is severely wounded.
The iguana bites you!
* * * LOW HITPOINT WARNING * * *
The iguana bites you.
* * * LOW HITPOINT WARNING * * *
You hit the iguana but do no damage.
The iguana is severely wounded.
The iguana bites you!
You die...

#.# #.....#.
#.# #.......
#.### #.#.#...
#.#.## #.#.<.
#..#.######
#.#...
#.##.###....<#
.....
#.....#.####.#
##...
#..###l## #...
#.. #@# #..#
#. #.# #..# ..
#.# #..# #)#
#..#
.............
..####..#
...#########.
........# .
#####<##
.........
.########


You could see an iguana.

Vanquished Creatures
  A centaur (D:4)
  A howler monkey (D:4)
  Terence (D:3)
  A worker ant (D:3)
  6 adders
  An adder skeleton (D:3)
  A worm (D:2)
  2 dart slugs (D:3)
  2 leopard geckos
  4 orcs (D:2)
  6 ball pythons
  2 giant cockroaches
  A goblin (D:1)
  5 hobgoblins
  5 jackals
  A quokka (D:3)
  2 frilled lizards
  6 kobolds
  3 rats
51 creatures vanquished.

Notes
Turn   | Place    | Note
-------+----------+-------------------------------------------
     0 | D:1      | Revguard the Demonspawn Archaeologist began the quest for
                  | the Orb.
     0 | D:1      | Reached XP level 1. HP: 15/15 MP: 1/1
   788 | D:1      | Gained mutation: Your muscles are strong. (Str +2) [potion
                  | of mutation]
   788 | D:1      | Gained mutation: You are robust. (+10% HP) [potion of
                  | mutation]
   788 | D:1      | Lost mutation: Your muscles are strong. (Str +2) [potion of
                  | mutation]
   788 | D:1      | Gained mutation: You have sharp fingernails. [potion of
                  | mutation]
   884 | D:2      | Gained mutation: You are immune to rotting. [demonic
                  | ancestry]
   884 | D:2      | Reached XP level 2. HP: 17/23 MP: 2/2
  1306 | D:2      | Reached XP level 3. HP: 23/28 MP: 3/3
  1714 | D:3      | Reached skill level 1 in Evocations
  1888 | D:3      | Gained mutation: You are slightly more attuned to the
                  | shadows. [demonic ancestry]
  1888 | D:3      | Reached XP level 4. HP: 24/35 MP: 4/4
  2003 | D:3      | Reached skill level 1 in Axes
  2003 | D:3      | Reached skill level 1 in Armour
  2315 | D:3      | Noticed Terence
  2325 | D:3      | Killed Terence
  2368 | D:3      | Found a glowing silver altar of Zin.
  2371 | D:3      | Noticed an angel
  2388 | D:3      | Found a shimmering altar of Xom.
  2407 | D:3      | Gained mutation: You are partially covered in iridescent
                  | scales. (AC +2) [demonic ancestry]
  2407 | D:3      | Reached XP level 5. HP: 40/40 MP: 6/6
  2831 | D:4      | Found a blossoming altar of Fedhas.
  2905 | D:4      | Noticed a centaur
  2928 | D:4      | Killed a centaur
  2928 | D:4      | Gained mutation: You have a pair of small antennae on your
                  | head. [demonic ancestry]
  2928 | D:4      | Reached XP level 6. HP: 8/47 MP: 7/7
  3011 | D:4      | Slain by an iguana

Skill      XL: |  1  2  3  4  5 |
---------------+----------------+-----
Dodging        | 3 |  3.5
Evocations     | 1 |  1.9
Axes           | 1 2 |  2.5
Armour         | 1 2 |  2.2
Fighting       | |  1.6
Maces & Flails | |  0.8
Stealth        | |  3.8

Action                   |  1- 3 |  4- 6 || total
-------------------------+-------+-------++-------
Melee: Whip              |    43 |       ||    43
       War axe           |    38 |    66 ||   104
  Use: Potion            |     3 |     4 ||     7
       Scroll            |     1 |    10 ||    11
 Stab: Sleeping          |     2 |     4 ||     6
       Distracted        |       |     1 ||     1
  Eat: Chunk             |     2 |     5 ||     7
Armor: Robe              |    15 |       ||    15
       Plate armour      |    29 |       ||    29
       Leather armour    |     3 |    29 ||    32
Dodge: Dodged            |    42 |    58 ||   100
